 Dungeon Crawl Stone Soup version 0.17-a0-1718-g72dbe4d (webtiles) character file.

63 Kidiri the Digger (level 4, 0/25 HPs)
             Began as a Gargoyle Earth Elementalist on Aug 25, 2015.
             Slain by an adder (2 damage)
             ... on level 2 of the Dungeon.
             The game lasted 00:07:53 (2041 turns).

Kidiri the Digger (Gargoyle Earth Elementalist)     Turns: 2041, Time: 00:07:53

Health: 0/25       AC:  6    Str: 12    XL:     4   Next: 10%
Magic:  0/7        EV: 12    Int: 16    God:
Gold:   71         SH:  0    Dex: 10    Spells: 3 memorised, 1 level left

rFire  . . .     SeeInvis .     e - +0 mace
rCold  . . .     Clarity  .     b - +0 robe
rNeg   + + .     SustAt   .     (no shield)
rPois  ∞         Gourm    .     (no helmet)
rElec  +         Spirit   .     g - +0 cloak
rCorr  .         Warding  .     (no gloves)
rMut   .         Stasis   .     (no boots)
MR     .....                    j - amulet of faith
Stlth  ++........               (no ring)
                                h - ring of positive energy

@: flying, not resistant to hostile enchantments, unstealthy
A: negative energy resistance 1, electricity resistance, unbreathing,
petrification resistance, rot immunity, AC +3
a: no special abilities


You were on level 2 of the Dungeon.
You were not hungry.

You visited 1 branch of the dungeon, and saw 2 of its levels.

You collected 71 gold pieces.

Inventory:

Hand weapons
 e - a +0 mace (weapon)
Missiles
 a - 74 stones (quivered)
Armour
 b - a +0 robe (worn)
 g - a +0 cloak (worn)
Jewellery
 h - a ring of positive energy (left hand)
 j - an amulet of faith (around neck)
Books
 c - a book of Geomancy

   Spells                             Type                      Level
   a - Sandblast                      Earth                        1
   b - Stoneskin                      Transmutation/Earth          2
   c - Passwall                       Transmutation/Earth          3
   d - Stone Arrow                    Conjuration/Earth            3
   e - Petrify                        Transmutation/Earth          4
   f - Lee's Rapid Deconstruction     Earth                        5
Comestibles
 f - 3 fruits


   Skills:
 + Level 1.0 Fighting
 + Level 1.0 Maces & Flails
 + Level 1.0 Armour
 * Level 2.1 Dodging
 + Level 2.6 Stealth
 * Level 2.4 Spellcasting
 + Level 1.0 Transmutations
 + Level 3.7 Earth Magic


You had one spell level left.
You knew the following spells:

 Your Spells              Type           Power        Failure   Level  Hunger
a - Sandblast             Erth           ##....       6%          1    #......
b - Stoneskin             Trmt/Erth      #.......     12%         2    ###....
c - Passwall              Trmt/Erth      #.........   21%         3    ###....


Dungeon Overview and Level Annotations

Branches:
Dungeon (2/15)

Altars:
Xom


Innate Abilities, Weirdness & Mutations

You are resistant to torment.
Your stone body is resilient (AC +3).
You are immune to poison.
You resist negative energy.
You are resistant to electric shocks.
You can survive without breathing.
You are immune to petrification.
You are immune to rotting.


Message History

Press: ? - help, Shift-Dir - straight line, f - adder
Aim: an adder The rocky blast hits the adder.
The adder is lightly wounded.
The adder bites you.
* * * LOW HITPOINT WARNING * * *
Really attack while wielding your 74 stones?
Okay, then.
Unknown command.
Drink which item? (? for menu, Esc to quit)
It was a potion of flight.
You feel very buoyant.
You fly up into the air.
The adder bites you but does no damage.
Wield which item (- for none, * to show all)? (? for menu, Esc to quit)
e - a +0 mace (weapon)
The adder barely misses you.
You miss the adder. The adder bites you.
* * * LOW HITPOINT WARNING * * *
The adder bites you.
You die...

## ##.# #...##### #.......#######
#.............########### .
#.......##..............##..
#....#.........###..†...†...
######..........@S...............
#..........##........###.######..
#..........##..####### ### ##
.<.........##.)# #..........#...#
#..........!.### #....>........
.............. ...........#.#


You could see an adder.

Vanquished Creatures
  2 adders (D:2)
  A worm (D:2)
  2 giant geckos (D:1)
  2 giant cockroaches (D:1)
  7 hobgoblins (D:1)
  7 jackals
  4 kobolds
  A quokka (D:2)
  5 goblins (D:1)
  5 rats
36 creatures vanquished.

Notes
Turn   | Place    | Note
--------------------------------------------------------------
     0 | D:1      | Kidiri the Gargoyle Earth Elementalist began the quest for the Orb.
     0 | D:1      | Reached XP level 1. HP: 10/10 MP: 3/3
   314 | D:1      | Reached XP level 2. HP: 15/15 MP: 3/5
   318 | D:1      | Learned a level 2 spell: Stoneskin
   985 | D:1      | Reached XP level 3. HP: 20/20 MP: 6/6
   990 | D:1      | Learned a level 3 spell: Passwall
  1139 | D:1      | Found a shimmering altar of Xom.
  1678 | D:2      | Reached skill level 1 in Fighting
  1678 | D:2      | Reached skill level 1 in Transmutations
  1684 | D:2      | Reached skill level 1 in Armour
  1684 | D:2      | Reached XP level 4. HP: 6/25 MP: 1/7
  2027 | D:2      | Reached skill level 1 in Maces & Flails
  2041 | D:2      | Slain by an adder

Vault maps used:
D:1:      minmay_arrival_shattered_statue, xom_teletrap_fun
D:2:      lemuel_coloured_pillars_altar, minmay_misc_feat_room

Action                   |  1- 3 |  4- 6 || total
-------------------------+-------+-------++-------
Melee: Mace              |    82 |     8 ||    90
 Cast: Sandblast         |    30 |    13 ||    43
       Stoneskin         |     1 |       ||     1
  Use: Scroll            |     5 |     1 ||     6
       Potion            |     3 |     1 ||     4
 Stab: Sleeping          |     1 |       ||     1
  Eat: Bread ration      |     1 |       ||     1
